AoeStats
← SääMyy

Arabia

506899067Analyzed
1v1 RM · 17d ago on Sep 15, 2026· 51m 45s· 2 players
Game mode
Random Map
Map size
Tiny (2 player)
Population
200
Speed
Normal
Resources
Standard
Victory
Conquest
Starting age
Dark Age
Ending age
Imperial Age
RankedLock teamsTeams togetherTeam positionsShared explorationLock speedFull tech treeHidden civsTurbo modeCheats
Victory
Defeat
🇩🇪 Gurjaras · Germany
1045
+15
🇬🇧 Berbers · United Kingdom
1025
-15
Lard
6:49 Loom
9:37 Feudal Age
11:26 Double-Bit Axe
19:08 Castle Age
17:49 Fletching
18:06 Scale Barding Armor
17:52 Horse Collar
18:19 Gold Mining
18:45 Scale Barding Armor
20:11 Bodkin Arrow
21:43 Padded Archer Armor
23:58 Bloodlines
23:49 Husbandry
24:50 Town Watch
26:35 Wheelbarrow
29:11 Thumb Ring
30:03 Stone Mining
30:24 Bow Saw
36:34 Imperial Age
34:55 Ballistics
37:05 Light Cavalry
37:47 Bracer
43:04 Elite Genitour
46:22 Heavy Camel Rider
49:16 Conscription
49:59 Forging
51:14 Chain Barding Armor
51:39 Gold Shaft Mining
SääMyy
10:58 Feudal Age
12:43 Loom
15:53 Castle Age
18:04 Double-Bit Axe
18:24 Horse Collar
21:48 Heavy Plow
24:29 Fletching
26:50 Wheelbarrow
26:28 Gold Mining
27:40 Stone Mining
28:55 Town Watch
29:24 Scale Barding Armor
29:30 Forging
30:00 Bodkin Arrow
30:40 Hand Cart
30:55 Chain Barding Armor
31:35 Bloodlines
31:53 Elite Skirmisher
32:52 Treadmill Crane
33:08 Murder Holes
34:04 Iron Casting
34:56 Masonry
36:32 Bow Saw
36:28 Husbandry
37:30 Ballistics
41:34 Imperial Age
41:19 Gold Shaft Mining
41:19 Stone Shaft Mining
40:41 Light Cavalry
41:36 Heavy Camel Rider
43:06 Conscription
44:38 Crop Rotation
46:23 Plate Barding Armor
46:18 Kshatriyas
46:49 Hoardings
47:20 Bracer
48:22 Thumb Ring
50:42 Padded Archer Armor
51:58 Chemistry
51:30 Architecture
52:13 Frontier Guards
Connection lost

Rejoining the realm…

Still unreachable

The connection could not be restored.

Session expired

The server has moved on; the page needs a fresh start.